Match 42819428
Unlisted

Match 42819428
End
Scout Squad
Selects Airborne Battlegroup
Selects Pathfinders
Construct Weapon Support Center
M1919 Machine Gun Team
Engineer Squad
Selects Paratrooper Squad Paradrop
Paratrooper Squad Paradrop
Paratrooper Squad Paradrop
Mechanized Support Center
Construct Tank Depot
Paratrooper Squad Paradrop
Bran
DrewP
Dillbro
NickDaKilla
Dadical
Sy Ableman?!
0
0

Comments sign in to comment!

No comments posted yet!